 Dungeon Crawl Stone Soup version 0.26.0-7-g794d0892b4 (webtiles) character file.

Game seed: 7674207283648337760

69 ythm the Conjurer (level 4, 0/30 HPs)
             Began as a Demonspawn Fire Elementalist on Jan 12, 2021.
             Slain by an orc wizard
             ... wielding a +0 dagger
              (2 damage)
             ... on level 2 of the Dungeon.
             The game lasted 00:07:18 (2622 turns).

ythm the Conjurer (Demonspawn Fire Elementalist)    Turns: 2622, Time: 00:07:19

Health: 0/30       AC:  2    Str:  8    XL:     4   Next: 2%
Magic:  6/7        EV: 12    Int: 20    God:
Gold:   92         SH:  0    Dex: 13    Spells: 3/7 levels left

rFire    + . .     SeeInvis .   l - +0 dagger (venom)
rCold    + . .     Faith    .   (no shield)
rNeg     . . .     Spirit   .   a - +0 robe
rPois    .         Reflect  .   (no helmet)
rElec    .         Harm     .   o - scarf {rC+ rF+}
rCorr    .         Rampage  .   (no gloves)
Will     .....                  (no boots)
Stlth    ++........             (no amulet)
HPRegen  0.10/turn              m - ring of stealth
MPRegen  0.10/turn              (no ring)

@: confused, mighty, invisible
A: powered by death 1, big brain 1
a: no special abilities


You were on level 2 of the Dungeon.
You visited 1 branch of the dungeon, and saw 3 of its levels.

You collected 92 gold pieces.

Inventory:

Hand Weapons
 g - a +0 dagger of speed
 l - a +0 dagger of venom (weapon)
Armour
 a - a +0 robe (worn)
 j - a +0 buckler
 o - a scarf of resistance (worn)
Jewellery
 m - a ring of stealth (left hand)
Scrolls
 b - a scroll of enchant weapon {unknown}
 c - 4 scrolls of teleportation {unknown}
 e - 2 scrolls of amnesia {unknown}
 f - 3 scrolls of identify {unknown}
 h - a scroll of noise {unknown}
 i - a scroll of remove curse {unknown}
 n - a scroll of random uselessness {unknown}
Potions
 k - a potion of degeneration {unknown}
 q - a potion of brilliance {unknown}
 r - a potion of heal wounds {unknown}


   Skills:
 - Level 1.7 Dodging
 - Level 1.7 Stealth
 - Level 2.0 Spellcasting
 + Level 3.3 Conjurations
 + Level 3.2 Fire Magic


You had 3 spell levels left.
You knew the following spells:

 Your Spells              Type           Power        Failure   Level
a - Foxfire               Conj/Fire      60%          4%          1
b - Conjure Flame         Conj/Fire      15%          12%         3

Your spell library contained the following spells:

 Spells                   Type           Power        Failure   Level
 Inner Flame              Hex/Fire       8%           24%         3
 Sticky Flame             Conj/Fire      15%          38%         4
 Fireball                 Conj/Fire      7%           75%         5


Dungeon Overview and Level Annotations

Branches:
Dungeon (3/15)

Altars:
Trog


Innate Abilities, Weirdness & Mutations

You regenerate a little health from kills.
You have an unusually large brain. (Int +2)


Message History

You are confused.
You completely miss something.
You hear some strange, mumbled words.
You are more confused.
You bump into the rock wall.
Something hits you but does no damage. Something hits you.
* * * LOW HITPOINT WARNING * * *
You hear some strange, mumbled words.
A puff of flame appears from out of thin air!
The puff of flame hits you. You resist.
* * * LOW HITPOINT WARNING * * *
It was a potion of might.
You feel very mighty all of a sudden.
You barely miss something.
You're too confused to move!
Something hits you.
* * * LOW HITPOINT WARNING * * *
It was a potion of invisibility.
You fade into invisibility!
Something hits you.
You die...

#.##########...#.##># #..#####.#
#........##.........###..#####.#
....####.##.##........#.>...##.##
##.............#..###.##.##......
##.#####..........###.##.......##
#.# #....#...........######## #.#
#.#........#.....# #.#
#.#.##.....#.....#
#.#####.#.##.##@.#.....#
#.......#......([#..##.#
####.#####....>........# ##.##
#.....####.#### ##...# #.....#
#.# #..#.# #.....# #.# #....#
#.....# #.# #.#### ####### #.####
#.# #....#


There were no monsters in sight!

Vanquished Creatures
  An adder (D:2)
  3 worms (D:2)
  4 leopard geckos
  2 orcs (D:3)
  3 bats
  5 goblins
  7 hobgoblins (D:1)
  2 jackals (D:2)
  5 kobolds
  6 frilled lizards
  5 rats (D:1)
43 creatures vanquished.

Vanquished Creatures (others)
  50 foxfires
50 creatures vanquished.

Grand Total: 93 creatures vanquished

Notes
Turn   | Place    | Note
-------+----------+-------------------------------------------
     0 | D:1      | ythm the Demonspawn Fire Elementalist began the quest for
                  | the Orb.
     0 | D:1      | Reached XP level 1. HP: 13/13 MP: 3/3
   286 | D:1      | Gained mutation: You regenerate a little health from kills.
                  | [demonic ancestry]
   286 | D:1      | Reached XP level 2. HP: 16/19 MP: 0/5
  1002 | D:1      | Gained mutation: You have an unusually large brain. (Int
                  | +2) [demonic ancestry]
  1002 | D:1      | Reached XP level 3. HP: 20/24 MP: 6/6
  1458 | D:2      | Learned a level 3 spell: Conjure Flame
  2479 | D:2      | Found a bloodstained altar of Trog.
  2610 | D:3      | Reached XP level 4. HP: 11/30 MP: 5/7
  2622 | D:2      | Slain by an orc wizard

Illustrated notes

Levels and vault maps discovered:
D:1:      dpeg_arrival_tiny_a, layout_loops_corners, fountainhead
D:2:      layout_loops_cross, lightli_temple_of_fire, item_on_display_a
D:3:      layout_rooms, pdpol_wu_jian_five_deadly_venoms, elyvilon_altar_3

Skill      XL: |  1  2  3 |
---------------+----------+-----
Conjurations   | 2 3 |  3.3
Fire Magic     | 3 |  3.2
Dodging        | |  1.7
Stealth        | |  1.7
Spellcasting   | |  2.0

Action                   |  1- 3 |  4- 6 || total
-------------------------+-------+-------++-------
Melee: Dagger            |    80 |     4 ||    84
       Unarmed           |     4 |       ||     4
 Cast: Foxfire           |    34 |       ||    34
  Use: Potion            |       |     2 ||     2
 Stab: Sleeping          |     9 |       ||     9
Armor: Robe              |    13 |     1 ||    14
Dodge: Dodged            |    32 |     1 ||    33
